Map: Zen LE

Players

ViBE - Winner!

  • Race: Terran Terran
  • League: Gold
  • Spawn Location: 7:00

McSpankyyy

  • Race: Zerg Zerg
  • League: Platinum
  • Spawn Location: 1:00

VOD

Have the link to the VOD?

Description

Time

  • Played on: Dec. 7, 2019, 8:41 p.m.
  • Length: 13:42
Show
View Real Time Build Order
Export as new Build Order

ViBE Terran - Winner!

Build Orders: 2 Factory, Hellion Opening, Mech 

Get SALT Encoding   

  12  0:01  SCV  
  13  0:13  SCV  
  14  0:17  Supply Depot  
  14  0:25  SCV  
  15  0:39  SCV  
  15  0:40  Barracks  
  16  0:45  Refinery  
  16  0:51  SCV  
  17  1:03  SCV  
  18  1:15  SCV  
  19  1:27  Orbital Command  
  19  1:44  Command Center  
  19  1:56  SCV, Factory  
  20  2:08  SCV  
  21  2:12  Barracks Reactor  
  21  2:18  Supply Depot  
  21  2:20  SCV  
  22  2:32  SCV  
  23  2:43  Factory  
  23  2:44  SCV  
  23  2:47  Refinery  
  24  2:56  SCV  
  24  2:58  Orbital Command, Hellion x2  
  29  3:04  Supply Depot  
  29  3:08  SCV  
  30  3:13  Barracks Tech Lab  
  30  3:20  SCV  
  30  3:24  Hellion x2  
  35  3:27  SCV  
  35  3:32  SCV  
  37  3:39  SCV  
  38  3:45  SCV  
  39  3:49  Supply Depot  
  39  3:51  SCV  
  40  3:57  SCV  
  40  3:58  Siege Tank  
  40  3:59  Hellion x2  
  48  4:04  SCV  
  48  4:09  SCV  
  50  4:13  Supply Depot  
  50  4:16  SCV  
  51  4:20  Armory  
  51  4:21  SCV, Hellion x2  
  56  4:28  SCV  
  56  4:30  Siege Tank  
  60  4:33  SCV  
  60  4:37  Command Center  
  61  4:40  SCV  
  61  4:45  SCV  
  63  4:52  SCV  
  64  4:57  SCV  
  64  5:02  Hellion x2  
  64  5:04  SCV  
  69  5:09  SCV, Supply Depot  
  69  5:10  Refinery x2  
  70  5:17  SCV, Siege Tank  
  74  5:21  SCV  
  74  5:24  Hellion  
  77  5:29  Armory  
  77  5:30  Hellion  
  77  5:31  Supply Depot x2  
  77  5:32  SCV, Supply Depot  
  77  5:33  SCV  
  81  5:47  SCV  
  81  5:48  SCV  
  81  5:49  Thor  
  89  5:50  Terran Vehicle Weapons Level 1  
  89  5:56  Orbital Command  
  89  6:00  SCV x2  
  91  6:10  Command Center  
  91  6:12  Engineering Bay, SCV  
  92  6:21  Orbital Command  
  92  6:39  Widow Mine  
  94  6:40  Thor  
  94  6:41  Hellbat  
  94  6:42  SCV x2  
  104  6:52  SCV  
  105  6:54  SCV x2  
  105  7:00  Supply Depot  
  107  7:04  SCV  
  107  7:07  Hellbat x2  
  110  7:09  Terran Vehicle And Ship Armor Level 1  
  110  7:10  Missile Turret  
  110  7:14  Missile Turret  
  110  7:16  Missile Turret, SCV x2  
  110  7:17  SCV  
  110  7:21  Refinery x2  
  113  7:23  Thor  
  113  7:24  Supply Depot  
  113  7:28  SCV x2, Hellbat x2  
  113  7:29  SCV  
  126  7:31  Factory  
  126  7:32  Factory x2  
  126  7:36  Factory  
  126  7:40  SCV  
  126  7:41  SCV x2  
  129  7:44  Command Center  
  129  7:47  Supply Depot  
  129  7:52  SCV  
  129  7:53  SCV  
  129  7:57  SCV  
  129  7:58  Terran Vehicle Weapons Level 2  
  132  8:05  SCV  
  133  8:06  Thor  
  114  8:19  SCV x2  
  116  8:20  Supply Depot  
  116  8:22  Factory Reactor  
  116  8:23  Factory Tech Lab x3  
  116  8:25  Hellbat, Hellion  
  120  8:30  SCV  
  120  8:31  SCV x2  
  123  8:42  SCV  
  123  8:43  SCV x2, Supply Depot, Planetary Fortress  
  126  8:49  Thor  
  126  8:54  Thor x2  
  144  8:57  Thor  
  150  9:03  SCV  
  150  9:04  SCV x2  
  153  9:11  Command Center  
  153  9:16  Planetary Fortress  
  153  9:30  Supply Depot  
  153  9:33  Thor, Hellbat x3  
  153  9:34  Hellbat  
  167  9:42  Smart Servos  
  167  9:43  Infernal Pre-Igniter  
  167  9:48  Neosteel Armor, Missile Turret, Refinery  
  167  9:49  Refinery  
  167  9:52  Supply Depot  
  167  9:54  Terran Vehicle And Ship Armor Level 2  
  167  9:56  Hellbat x6  
  179  10:03  Missile Turret  
  179  10:11  Thor  
  185  10:30  Thor x2  
  185  10:31  Hellion  
  185  10:34  Factory Tech Lab  
  199  10:37  Factory Reactor  
  199  10:40  Hellion  
  199  10:45  Refinery x2  
  199  10:47  Hellion  
  199  10:52  Command Center  
  199  11:28  Factory, Hi-Sec Auto Tracking  
  199  11:30  Factory  
  199  11:31  Factory  
  199  11:33  Factory  
  199  11:34  Factory  
  199  11:35  Factory  
  199  11:37  Factory  
  195  12:15  Command Center  
  195  12:26  Factory Reactor x2  
  195  12:27  Factory Tech Lab x4  
  195  12:36  Factory Tech Lab  
  195  12:44  Factory  
  195  12:46  Factory  
  195  12:47  Factory  
  195  12:48  Factory  
  195  12:49  Factory  
  195  12:54  Planetary Fortress  
Show
View Real Time Build Order
Export as new Build Order

McSpankyyy Zerg 

Build Orders: Hatch First 

Get SALT Encoding   

  12  0:03  Drone  
  13  0:11  Drone  
  14  0:17  Overlord  
  15  0:35  Drone x2  
  15  0:40  Drone  
  17  0:54  Hatchery  
  17  0:56  Drone  
  17  1:05  Drone  
  18  1:16  Drone, Spawning Pool  
  18  1:25  Drone  
  18  1:31  Extractor  
  18  1:34  Drone  
  19  1:40  Drone  
  21  2:03  Queen  
  21  2:05  Overlord  
  22  2:09  Queen  
  22  2:15  Drone x2  
  26  2:23  Zergling x4  
  28  2:51  Lair  
  28  2:52  Roach Warren  
  28  2:53  Drone  
  28  2:55  Drone x4  
  32  3:03  Overlord  
  32  3:06  Queen  
  34  3:16  Extractor  
  33  3:25  Drone  
  34  3:28  Overlord  
  34  3:31  Drone x3  
  37  3:37  Overlord  
  37  3:52  Roach  
  37  3:53  Roach x3  
  37  3:54  Roach  
  37  3:55  Roach x2  
  51  3:56  Roach  
  51  4:01  Roach x2  
  57  4:04  Extractor  
  57  4:05  Drone, Extractor  
  56  4:26  Hatchery  
  55  4:31  Evolution Chamber  
  55  4:33  Drone x2, Evolution Chamber  
  55  4:35  Overlord  
  53  5:06  Drone  
  54  5:07  Baneling Nest  
  53  5:18  Zergling x16  
  53  5:19  Zergling x8  
  65  5:33  Drone x2  
  67  5:40  Drone x4  
  67  5:41  Drone x2  
  73  5:58  Drone  
  73  6:00  Overlord x3  
  74  6:06  Centrifical Hooks  
  74  6:11  Metabolic Boost  
  74  6:15  Zerg Ground Armor Level 1  
  74  6:28  Zergling x10  
  74  6:29  Zergling x2  
  80  6:36  Drone x4  
  84  6:44  Overlord  
  84  6:47  Drone x4  
  88  7:01  Overlord x2  
  88  7:25  Roach x7  
  88  7:26  Roach x4  
  110  7:35  Hydralisk Den  
  110  7:37  Drone x2  
  111  7:41  Baneling x2  
  111  7:42  Baneling x5  
  111  7:43  Baneling x7  
  111  7:44  Baneling x6  
  111  7:45  Baneling x5  
  111  7:46  Baneling  
  93  8:15  Zergling x24  
  93  8:16  Zergling x12  
  111  8:29  Overlord  
  111  8:30  Overlord x2  
  111  8:35  Zerg Ground Armor Level 2  
  111  8:40  Drone  
  111  8:41  Infestation Pit  
  111  8:44  Zerg Missile Weapons Level 1  
  112  9:02  Drone  
  112  9:03  Drone x7  
  112  9:04  Drone x2  
  121  9:14  Extractor  
  121  9:15  Extractor  
  119  9:19  Hydralisk x2  
  119  9:20  Hydralisk x4  
  131  9:26  Baneling x5  
  131  9:27  Baneling x7  
  131  9:28  Baneling x2  
  131  9:31  Baneling  
  131  9:39  Overlord x2  
  124  10:04  Hive  
  123  10:07  Roach x2  
  123  10:08  Roach x5  
  137  10:24  Drone x3  
  140  10:36  Zergling x2  
  140  10:37  Zergling x18  
  140  10:41  Hatchery  
  149  10:58  Drone  
  149  10:59  Spire  
  149  11:00  Zerg Missile Weapons Level 2  
  149  11:04  Overlord x3  
  149  11:12  Queen  
  151  11:35  Drone x2  
  151  11:36  Hatchery  
  151  11:39  Hatchery  
  150  11:47  Drone x2  
  152  12:21  Zergling x6  
  152  12:22  Zergling x6  
  158  12:41  Baneling x9  
  158  12:42  Baneling x29  
  158  12:43  Baneling x3  
  158  12:45  Baneling x3  
  158  12:46  Baneling x9  
Tags
 
Add a new tag
Caveats
  • Supply blocks, unpowered buildings, or Contaminate may cause inaccurate times.
  • Supply counts are checked every 10 seconds.